Map: Distant Plane

Players

Matt

  • Race: Protoss Protoss

Stap

  • Race: Terran Terran

Blubbel

  • Race: Terran Terran
  • League: Silver

zod

  • Race: Terran Terran
  • League: Silver

VOD

Have the link to the VOD?

Description

Time

  • Played on: Jan. 3, 2016, 8:22 a.m.
  • Length: 13:55
Show
View Real Time Build Order
Export as new Build Order

Matt Protoss 

Build Orders:  

Get SALT Encoding   

  12  0:02  Probe (Chrono Boost)  
  13  0:12  Probe (Chrono Boost)  
  14  0:23  Probe (Chrono Boost), Pylon  
  15  0:41  Probe (Chrono Boost)  
  16  0:44  Gateway  
  16  0:48  Assimilator  
  16  0:51  Probe (Chrono Boost)  
  17  1:02  Probe (Chrono Boost)  
  17  1:04  Pylon  
  18  1:09  Assimilator  
  18  1:12  Probe (Chrono Boost)  
  19  1:23  Probe (Chrono Boost)  
  20  1:36  Probe (Chrono Boost)  
  21  1:44  Cybernetics Core  
  21  1:46  Probe (Chrono Boost)  
  22  1:47  Gateway  
  22  1:50  Zealot (Chrono Boost)  
  26  2:16  Zealot (Chrono Boost)  
  26  2:20  Warp Gate (Chrono Boost)  
  26  2:33  Robotics Facility  
  26  2:36  Pylon  
  26  2:39  Adept (Chrono Boost)  
  26  2:41  Adept (Chrono Boost)  
  30  2:53  Pylon  
  30  3:03  Adept (Chrono Boost)  
  32  3:11  Sentry  
  34  3:29  Sentry  
  36  3:36  Probe  
  36  3:37  Stalker  
  36  3:40  Nexus  
  37  4:22  Immortal  
  39  4:33  Gateway  
  39  4:35  Gateway  
  39  4:37  Probe  
  40  4:46  Stalker x2  
  40  4:49  Probe  
  40  4:51  Probe  
  46  5:01  Probe x2  
  48  5:13  Probe  
  49  5:15  Immortal (Chrono Boost)  
  49  5:21  Stalker  
  55  5:25  Probe  
  56  5:38  Probe  
  57  5:44  Probe  
  57  5:45  Pylon  
  58  5:50  Probe  
  58  5:52  Assimilator  
  58  5:54  Probe  
  60  6:02  Probe  
  61  6:05  Probe  
  61  6:06  Pylon  
  62  6:14  Probe  
  62  6:16  Probe  
  64  6:19  Assimilator  
  64  6:23  Pylon  
  64  6:25  Pylon  
  64  6:26  Probe x2  
  64  6:30  Forge  
  66  6:34  Immortal (Chrono Boost)  
  66  6:37  Probe  
  71  6:40  Robotics Bay  
  71  6:43  Twilight Council  
  71  6:47  Probe  
  72  6:58  Probe  
  72  6:59  Protoss Ground Weapons Level 1 (Chrono Boost)  
  72  7:00  Stalker x3  
  79  7:01  Stalker  
  81  7:08  Probe  
  82  7:25  Charge  
  82  7:29  Extended Thermal Lance (Chrono Boost)  
  82  7:39  Colossus  
  88  7:59  Nexus  
  88  8:09  Stalker x3  
  94  8:16  Pylon  
  94  8:18  Pylon  
  94  8:20  Pylon  
  94  8:25  Pylon  
  94  8:35  Protoss Ground Armor Level 1  
  94  8:36  Colossus  
  100  8:50  Zealot x4  
  108  8:59  Gateway  
  108  9:06  Assimilator  
  108  9:09  Probe  
  108  9:11  Assimilator  
  109  9:20  Probe  
  110  9:28  Zealot  
  110  9:29  Colossus  
  110  9:30  Probe  
  119  9:41  Probe  
  120  9:52  Probe  
  120  9:56  Gateway  
  120  9:58  Robotics Facility  
  121  10:01  Pylon x2  
  121  10:02  Probe  
  122  10:07  Stalker x2  
  122  10:10  Zealot x3  
  122  10:11  Protoss Ground Weapons Level 2  
  122  10:13  Probe  
  133  10:23  Probe  
  134  10:34  Probe  
  135  10:44  Probe  
  135  10:46  Colossus  
  142  10:57  Stalker x5  
  152  11:41  Observer x2  
  148  11:58  Stalker  
  148  11:59  Stalker x2  
  153  12:01  Photon Cannon  
  152  12:25  Pylon  
  152  12:33  Stalker x2  
  156  12:43  Colossus  
  162  12:45  Pylon  
  162  12:47  Pylon  
  162  12:48  Colossus, Pylon  
  162  12:50  Pylon  
  146  13:01  Stalker x2  
  146  13:02  Stalker x4  
  125  13:32  Stalker  
  125  13:33  Stalker  
  125  13:34  Stalker  
  129  13:38  Probe  
Show
View Real Time Build Order
Export as new Build Order

Stap Terran 

Build Orders:  

Get SALT Encoding   

  12  0:01  SCV  
  13  0:13  SCV  
  14  0:23  Supply Depot  
  14  0:26  SCV  
  15  0:44  SCV  
  15  0:48  Barracks  
  16  0:56  Refinery  
  16  0:58  Refinery  
  16  0:59  SCV  
  17  1:11  SCV  
  18  1:23  SCV  
  19  1:37  Supply Depot  
  19  1:38  Reaper  
  20  1:41  SCV  
  21  1:53  SCV  
  22  2:01  Supply Depot  
  22  2:05  SCV  
  23  2:11  Factory  
  23  2:19  Barracks Reactor  
  23  2:33  Supply Depot  
  23  2:38  Command Center  
  23  2:41  SCV  
  24  2:53  SCV  
  24  2:56  Marine  
  24  2:57  Marine  
  26  3:07  Widow Mine  
  28  3:21  Engineering Bay  
  28  3:25  Marine x2  
  30  3:31  Orbital Command  
  30  3:35  Widow Mine  
  32  3:43  Marine x2  
  34  3:52  Orbital Command  
  34  4:08  Barracks  
  34  4:12  SCV  
  35  4:23  Marine  
  35  4:24  SCV, Marine  
  37  4:26  Factory Tech Lab  
  39  4:31  SCV  
  39  4:36  Terran Infantry Weapons Level 1, SCV  
  40  4:43  SCV  
  41  4:49  SCV  
  42  4:53  Siege Tank  
  42  4:55  SCV  
  42  4:56  Barracks  
  42  4:58  Barracks Tech Lab  
  46  5:09  SCV  
  47  5:19  Barracks  
  43  5:21  SCV, Barracks  
  43  5:25  Siege Tank  
  45  5:39  SCV  
  45  5:41  Missile Turret  
  46  5:47  Barracks Reactor  
  46  5:50  Marauder, Marine  
  46  5:51  SCV  
  47  6:11  Barracks Tech Lab  
  47  6:12  Marauder  
  47  6:18  SCV  
  50  6:19  Barracks Reactor  
  50  6:21  SCV  
  51  6:26  Marine  
  51  6:27  Marine x3  
  51  6:30  SCV  
  56  6:33  SCV, Marauder  
  59  6:43  Missile Turret  
  59  6:44  Missile Turret  
  59  6:47  Combat Shields  
  59  6:51  Mag-Field Accelerator  
  59  6:54  Marauder  
  59  6:59  SCV  
  62  7:15  Supply Depot  
  62  7:23  Supply Depot  
  62  7:25  Refinery  
  62  7:27  Supply Depot  
  62  7:35  Terran Infantry Armor Level 1  
  62  7:37  SCV, Cyclone, Marauder, Marine x2  
  70  7:45  SCV, Marine  
  70  7:49  Starport  
  72  7:57  SCV  
  73  7:59  Marauder  
  73  8:01  Marine  
  73  8:02  Marauder, Marine x3  
  81  8:07  SCV  
  82  8:19  SCV  
  83  8:20  Marauder  
  83  8:27  Supply Depot  
  85  8:36  Command Center  
  85  8:39  Marauder  
  88  8:48  Marauder  
  88  8:49  Marine x4  
  88  8:50  Marine x2  
  94  8:57  Supply Depot x2, Starport Reactor  
  94  9:01  Supply Depot  
  94  9:10  Supply Depot x2  
  94  9:19  Marauder x2, Marine x2  
  100  9:29  Command Center  
  100  9:34  Widow Mine  
  102  9:40  Medivac  
  102  9:41  Marauder x2  
  108  10:02  Marauder x2  
  114  10:09  Medivac x2  
  118  10:16  Cyclone  
  119  10:23  Marauder  
  121  10:29  Marine  
  121  10:30  Marine x6  
  128  10:39  Medivac x2  
  132  10:42  Supply Depot  
  132  10:44  Marine  
  132  10:47  Marine x4  
  132  10:48  Marine x3  
  140  11:02  Marine  
  141  11:05  Marine x7  
  141  11:07  Armory  
  144  11:20  Marine  
  144  11:23  Marine x4  
  141  12:07  Marine  
  141  12:08  Marine x7  
  130  12:09  Widow Mine  
  126  12:25  Marine x2  
  126  12:26  Marine x3  
  129  12:37  Widow Mine  
  124  12:48  Planetary Fortress  
  107  12:52  SCV x2  
  103  13:05  Marine  
  100  13:06  Marauder x2, Marine x3  
  100  13:07  Marine x2  
  113  13:12  Siege Tank  
  113  13:17  Medivac  
  114  13:23  Marine x2  
  114  13:24  Marine x2  
  116  13:27  Marauder  
  116  13:28  Marauder  
Show
View Real Time Build Order
Export as new Build Order

Blubbel Terran 

Build Orders:  

Get SALT Encoding   

  12  0:02  SCV  
  13  0:14  SCV  
  14  0:24  Supply Depot  
  14  0:26  SCV  
  15  0:32  Refinery  
  15  0:45  SCV  
  16  0:50  Barracks  
  16  1:02  SCV  
  17  1:14  SCV  
  18  1:28  Refinery  
  18  1:46  Marine  
  19  1:53  Command Center, Factory  
  19  1:55  SCV  
  20  2:16  Marine  
  20  2:21  Orbital Command  
  21  2:27  Supply Depot  
  21  2:42  Starport  
  21  2:43  Widow Mine  
  23  2:49  Barracks Reactor  
  23  2:52  SCV  
  24  3:03  Supply Depot  
  24  3:15  SCV  
  25  3:28  SCV  
  26  3:39  Marine x2  
  26  3:40  Engineering Bay  
  26  3:41  Medivac  
  30  3:45  Widow Mine  
  32  3:49  SCV  
  30  4:35  SCV  
  31  4:39  SCV  
  31  4:43  Medivac  
  31  4:44  Marine x2  
  36  4:47  SCV  
  37  4:59  Factory Tech Lab  
  37  5:02  Marine  
  37  5:04  Terran Infantry Weapons Level 1, Armory  
  37  5:05  SCV  
  39  5:17  SCV  
  40  5:29  SCV  
  41  5:39  Marine x2  
  43  5:47  Barracks  
  43  5:48  SCV  
  44  5:50  Starport Tech Lab  
  44  5:54  SCV  
  45  5:57  Marine x2  
  45  5:58  Engineering Bay  
  45  6:00  SCV  
  44  6:06  SCV  
  45  6:18  SCV  
  46  6:25  Refinery  
  46  6:30  SCV  
  47  6:41  Marine x2  
  47  6:44  Barracks Tech Lab, Barracks  
  47  6:46  High Capacity Fuel Tanks  
  49  6:47  Drilling Claws  
  49  6:50  Terran Infantry Armor Level 1  
  49  6:55  SCV  
  49  6:58  Marine  
  49  6:59  Marine  
  52  7:07  SCV, Barracks  
  53  7:16  Marine  
  53  7:22  Banshee, SCV, Marine  
  59  7:24  Supply Depot  
  59  7:28  Missile Turret  
  59  7:34  Marine  
  59  7:36  Supply Depot  
  60  7:39  Supply Depot  
  60  7:40  Marine  
  60  7:41  Barracks Reactor  
  61  7:45  Combat Shields  
  61  7:48  Supply Depot, Marauder  
  63  7:56  Barracks  
  63  7:59  Supply Depot  
  63  8:02  Supply Depot  
  63  8:05  Banshee  
  66  8:10  Marauder  
  66  8:11  Siege Tank  
  71  8:23  Missile Turret  
  71  8:30  Barracks Reactor  
  71  8:36  Marauder  
  71  8:37  Marine  
  74  8:43  Siege Tank  
  74  8:45  Orbital Command  
  77  8:53  Missile Turret  
  77  8:58  Marauder  
  77  9:01  Medivac  
  81  9:07  Stimpack  
  81  9:08  Armory  
  81  9:09  Barracks Tech Lab  
  81  9:11  Marine x2  
  81  9:12  Marine  
  84  9:19  Marauder  
  84  9:22  Cloaking Field  
  86  9:28  SCV  
  87  9:31  Medivac  
  87  9:36  Refinery  
  89  9:40  SCV  
  90  9:49  Supply Depot  
  90  9:52  SCV  
  91  10:04  SCV  
  92  10:12  Supply Depot  
  92  10:46  Terran Vehicle Weapons Level 1  
  92  10:47  Terran Vehicle And Ship Armor Level 1  
  92  10:49  Terran Infantry Armor Level 2  
  92  10:51  Terran Infantry Weapons Level 2  
  92  10:56  Marine x2, Marauder x2  
  98  10:57  Marine x4  
  102  11:14  Marine x3  
  102  11:15  Marine x2  
  102  11:17  Marauder x2  
  111  11:38  Marauder x2  
  105  12:00  Marauder x2  
  109  12:31  Marauder x2  
  109  12:32  Marine x6  
  116  12:49  Marine  
  116  12:50  Marine x4  
  97  12:52  Marauder x2  
  51  13:14  Marauder x2  
  51  13:25  Marine  
  51  13:26  Marine  
  47  13:27  Marine x2  
  47  13:28  Marine x2  
Show
View Real Time Build Order
Export as new Build Order

zod Terran 

Build Orders:  

Get SALT Encoding   

  12  0:01  SCV  
  13  0:13  SCV  
  14  0:21  Supply Depot  
  14  0:25  SCV  
  15  0:42  Refinery  
  15  0:43  SCV  
  15  0:46  Barracks  
  16  0:55  SCV  
  17  1:00  Supply Depot  
  17  1:07  SCV  
  18  1:19  SCV  
  19  1:31  SCV  
  20  1:34  Refinery  
  20  1:35  Barracks Tech Lab  
  20  1:36  Barracks  
  20  1:49  Orbital Command  
  20  1:56  Marine  
  21  2:06  Supply Depot  
  21  2:19  Marauder  
  23  2:27  Factory  
  23  2:43  Barracks Reactor  
  23  3:05  Command Center  
  23  3:11  Refinery  
  23  3:18  SCV  
  24  3:20  Marine  
  24  3:26  Combat Shields  
  25  3:31  Widow Mine  
  27  3:40  SCV  
  28  3:57  Engineering Bay  
  28  4:03  Barracks  
  28  4:11  SCV  
  29  4:19  Marine  
  29  4:20  Marine  
  29  4:21  Marauder  
  29  4:23  SCV  
  34  4:25  Widow Mine  
  36  4:37  Marine  
  37  4:50  Terran Infantry Weapons Level 1  
  37  4:53  Missile Turret, Widow Mine  
  37  4:57  Orbital Command  
  40  5:00  SCV  
  40  5:07  Missile Turret  
  40  5:09  Refinery  
  40  5:12  SCV  
  41  5:23  Barracks Reactor  
  41  5:24  SCV, Factory Tech Lab  
  42  5:31  Marine  
  42  5:32  Marine x2  
  45  5:36  SCV x2  
  47  5:49  Marine x2  
  48  5:50  Marauder  
  51  5:57  Siege Tank  
  54  6:09  Starport  
  54  6:18  Supply Depot  
  54  6:26  Supply Depot  
  54  6:35  SCV x2, Marauder, Marine x2  
  60  6:44  Terran Infantry Armor Level 1  
  60  6:47  SCV x2  
  62  6:54  Marine x3  
  62  6:55  Marine  
  62  6:57  Marauder  
  62  6:58  Starport Reactor  
  62  6:59  SCV  
  69  7:05  Starport  
  69  7:12  Fusion Core, Marine x3  
  72  7:18  Marauder  
  72  7:21  Missile Turret  
  74  7:39  Marauder  
  74  7:42  Command Center  
  74  7:43  Missile Turret  
  74  7:44  Starport Tech Lab  
  76  7:47  Medivac  
  78  7:56  Supply Depot  
  78  7:59  Supply Depot  
  78  8:05  Cloaking Field, Missile Turret  
  78  8:17  Missile Turret, Medivac x3  
  84  8:21  SCV x2  
  86  8:31  Marine  
  86  8:32  Marauder, Marine x2  
  86  8:33  SCV x2  
  93  8:43  Hi-Sec Auto Tracking  
  93  8:45  SCV  
  93  8:54  Banshee  
  96  9:02  Medivac  
  98  9:08  SCV  
  98  9:09  SCV  
  100  9:14  SCV, Refinery  
  101  9:26  SCV, Marine x3  
  101  9:27  Marauder, Marine  
  108  9:38  SCV  
  109  9:47  Supply Depot  
  109  9:52  Supply Depot  
  109  9:57  Orbital Command  
  109  10:02  Supply Depot  
  109  10:08  Banshee, Marine  
  109  10:09  Medivac x2  
  109  10:13  Marine  
  118  10:28  Building Armor  
  118  10:33  Armory  
  118  10:34  Marine, Marauder  
  118  10:35  Marine x3  
  123  10:41  Medivac  
  125  10:51  Banshee  
  125  10:52  Marine x2  
  125  10:53  Refinery, Marine x2  
  132  11:12  Marauder  
  129  11:34  Marauder  
  131  11:40  Banshee  
  131  11:55  Siege Tank  
  130  12:07  Marine  
  130  12:08  Marauder, Marine  
  114  12:09  Marine x2  
  83  12:23  Battlecruiser  
  83  12:25  Marine x2  
  83  12:27  Siege Tank, Marine x2  
  83  12:29  Medivac x2  
  100  12:30  Marauder  
  98  12:43  Marine x2  
  99  12:44  Marine  
  99  12:45  Marine  
  103  12:51  Marauder  
  84  12:59  Siege Tank, Medivac x2  
  84  13:01  Marine  
  82  13:13  Marauder  
Tags
 
Add a new tag
Caveats
  • Supply blocks, unpowered buildings, or Contaminate may cause inaccurate times.
  • Supply counts are checked every 10 seconds.